 Dungeon Crawl Stone Soup version 0.26-a0-613-g4f23886 (webtiles) character file.

Game seed: 8440152856103054734

16197 robertstho the Cleaver (level 12, -9/165 HPs)
             Began as a Minotaur Berserker on Sept 10, 2020.
             Was a High Priest of Trog.
             Mangled by a Hell Sentinel (22 damage)
             ... on level 1 of the Abyss.
             The game lasted 00:14:20 (10920 turns).

robertstho the Cleaver (Minotaur Berserker)        Turns: 10920, Time: 00:14:20

Health: -9/165     AC: 18    Str: 27    XL:     12   Next: 7%
Magic:  11/11      EV: 10    Int:  4    God:    Trog [*****.]
Gold:   720        SH:  5    Dex: 10    Spells: 11/11 levels left

rFire    . . .     SeeInvis .   n - +2 hand axe (vorpal)
rCold    + . .     Faith    .   (no shield)
rNeg     . . .     Spirit   .   K - +0 plate armour {rC+}
rPois    .         Reflect  +   (helmet restricted)
rElec    .         Harm     .   t - scarf {+Inv}
rCorr    .                      i - +0 pair of gloves
MR       .....                  d - +0 pair of boots
Stlth    ..........             k - amulet of reflection
HPRegen  0.37/turn              h - ring of flight
MPRegen  0.12/turn              (no ring)

@: berserking, very quick
A: retaliatory headbutt, horns 2
a: Berserk, Trog's Hand, Brothers in Arms, Renounce Religion, Evoke
Invisibility, Evoke Flight


You were on level 1 of the Abyss.
You worshipped Trog.
Trog was extremely pleased with you.
You visited 1 branch of the dungeon, and saw 11 of its levels.
You visited the Abyss 1 time.

You collected 720 gold pieces.

Inventory:

Hand Weapons
 n - a +2 vorpal hand axe (weapon)
 I - a +2 scimitar of flaming
Missiles
 e - 81 poisoned darts (quivered)
 w - 8 curare-tipped darts
Armour
 d - a +0 pair of boots (worn)
 i - a +0 pair of gloves (worn)
 t - a scarf of invisibility (worn)
 u - +1 acid dragon scales
 E - a +0 chain mail of fire resistance
 K - a +0 plate armour of cold resistance (worn)
Jewellery
 h - a ring of flight (left hand)
 k - an amulet of reflection (around neck)
Wands
 r - a wand of enslavement (13)
 x - a wand of digging (6)
 A - a wand of iceblast (5)
 J - a wand of paralysis (10)
Scrolls
 b - 5 scrolls of enchant armour {unknown}
 f - 9 scrolls of remove curse
 g - 2 scrolls of enchant weapon {unknown}
 j - a scroll of immolation {unknown}
 l - 3 scrolls of fog {unknown}
 o - 3 scrolls of blinking {unknown}
 y - a scroll of noise {unknown}
 B - 5 scrolls of teleportation {unknown}
 F - a scroll of fear {unknown}
 G - 2 scrolls of amnesia {unknown}
Potions
 a - 3 potions of flight
 c - a potion of stabbing
 m - 2 potions of invisibility {unknown}
 q - a potion of cancellation
 s - a potion of curing
 v - a potion of ambrosia {unknown}
 z - a potion of experience {unknown}
 C - 3 potions of berserk rage {unknown}
 D - a potion of magic {unknown}
 H - a potion of might


   Skills:
 * Level 11.4 Fighting
 * Level 14.6 Axes
 * Level 12.5 Armour
 * Level 7.2 Dodging
 + Level 2.0 Stealth


You had 11 spell levels left.
You didn't know any spells.
Your spell library was empty.

Dungeon Overview and Level Annotations

Branches:
Dungeon (11/15)            Temple (0/1) D:4            Lair (0/6) D:10
    Orc (0/2) D:11

Altars:
Ashenzari
Cheibriados
Fedhas
Gozag
Ru
Sif Muna
Vehumet
Xom
Yredelemnul

Annotations:
D:3 2 transporters, tardwrangler69's ghost, amateur DsFi
D:8 2 runed translucent doors, exclusion: orange crystal statue
D:11 Sonja


Innate Abilities, Weirdness & Mutations

You reflexively headbutt those who attack you in melee.
You have a pair of horns on your head.


Message History

You hit the Hell Sentinel.
The Hell Sentinel is lightly wounded.
Your plate armour prevents you from hitting the Hell Sentinel.
You headbutt the Hell Sentinel, but do no damage.
The Hell Sentinel is lightly wounded.
You barely miss the Hell Sentinel.
You headbutt the Hell Sentinel, but do no damage.
The Hell Sentinel is lightly wounded.
The Hell Sentinel hits you!!
* * * LOW HITPOINT WARNING * * *
The Hell Sentinel hits you but does no damage.
A chorus of shrieks assaults your mind.
* * * LOW HITPOINT WARNING * * *
You hit the Hell Sentinel but do no damage.
You headbutt the Hell Sentinel, but do no damage.
The Hell Sentinel is lightly wounded.
You barely miss the Hell Sentinel. You headbutt the Hell Sentinel!
The Hell Sentinel is lightly wounded.
The Hell Sentinel hits you!!
You die...

# . .... ### #. . #..#
#.. .. # # #
###.########### #####X..
.............XX..X..X#.#
......1...X###########..
######@#### ## ###


You could see 3 starcursed masses and a Hell Sentinel.

Vanquished Creatures
  A tentacled starspawn (Abyss:1)
  Josephine (D:11)
  Erolcha (D:10)
  Erica (D:10)
  2 two-headed ogres
  A sun demon (Abyss:1)
  An apocalypse crab (Abyss:1)
  A rust devil (Abyss:1)
  A large abomination (Abyss:1)
  Psyche (D:10)
  Maggie (D:7)
  A troll (D:9)
  3 meliai (D:10)
  Prince Ribbit (D:5)
  A hornet (D:11)
  3 hippogriffs
  A harpy skeleton (Abyss:1)
  5 wraiths (D:11)
  A shadow (D:11)
  A ynoxinul (Abyss:1)
  A yak (D:10)
  A steam dragon (D:11)
  Grum (D:9)
  Edmund (D:4)
  A porcupine (D:10)
  2 ice beasts
  An orc warrior (D:11)
  2 sky beasts (D:11)
  2 black bears
  A necrophage (D:9)
  4 phantoms
  2 wolves (D:9)
  8 ogres
  3 centaurs (D:10)
  2 big kobolds
  11 bullfrogs
  7 scorpions
  5 killer bees (D:9)
  4 howler monkeys
  8 wights (D:10)
  A quasit (D:7)
  5 hounds
  2 centaur zombies
  A gnoll shaman (D:5)
  10 orc priests
  4 orc wizards
  5 iguanas
  5 worker ants
  3 small abominations (Abyss:1)
  A human simulacrum (D:9)
  A worker ant zombie (D:8)
  Robin (D:3)
  A howler monkey zombie (D:6)
  7 gnolls
  8 adders
  2 shadow imps
  2 white imps (D:8)
  2 ufetubi (D:10)
  An adder zombie (D:5)
  2 adder skeletons
  5 worms
  The ghost of TerrariaFan the Sneak, a weakling DDDe (D:5)
  4 dart slugs
  7 leopard geckos
  43 orcs
  4 bats
  5 giant cockroaches
  20 goblins
  10 hobgoblins
  7 jackals
  12 kobolds
  9 quokkas
  3 ball pythons
  3 frilled lizards
  2 jackal skeletons
  A jackal zombie (D:5)
  A quokka skeleton (D:8)
  8 rats
  A spectral orc (D:3)
306 creatures vanquished.

Vanquished Creatures (others)
  A small abomination (Abyss:1)
  A human simulacrum (D:9)
  48 fungi (D:10)
  32 plants (D:10)
  4 starspawn tentacles (Abyss:1)
86 creatures vanquished.

Grand Total: 392 creatures vanquished

Notes
Turn   | Place    | Note
-------+----------+-------------------------------------------
     0 | D:1      | robertstho the Minotaur Berserker began the quest for the
                  | Orb.
     0 | D:1      | Reached XP level 1. HP: 19/19 MP: 0/0
   280 | D:1      | Reached XP level 2. HP: 27/27 MP: 1/1
   353 | D:1      | Reached skill level 4 in Axes
   653 | D:2      | Noticed a bullfrog
   661 | D:2      | Killed a bullfrog
   661 | D:2      | Reached XP level 3. HP: 31/34 MP: 2/2
   661 | D:2      | Reached XP level 4. HP: 37/41 MP: 3/3
   825 | D:2      | You fall into a shaft and drop 1 floor!
   836 | D:3      | Noticed Robin
   839 | D:3      | Reached ** piety under Trog
   857 | D:3      | Killed Robin
   877 | D:3      | Reached skill level 5 in Axes
   877 | D:3      | Reached XP level 5. HP: 43/47 MP: 4/4
  1149 | D:3      | Reached skill level 5 in Fighting
  1345 | D:3      | Found a transporter.
  1345 | D:3      | Noticed tardwrangler69's ghost (amateur DsFi)
  1346 | D:3      | Found a transporter.
  1381 | D:3      | Reached XP level 6. HP: 48/56 MP: 5/5
  1396 | D:3      | Reached skill level 6 in Axes
  1568 | D:3      | Reached *** piety under Trog
  1656 | D:3      | Found an opulent altar of Gozag.
  1936 | D:3      | Found a basalt altar of Yredelemnul.
  2436 | D:2      | Found a shimmering blue altar of Sif Muna.
  2769 | D:4      | Found a staircase to the Ecumenical Temple.
  2838 | D:4      | Noticed Edmund
  2851 | D:4      | Killed Edmund
  2851 | D:4      | Reached skill level 7 in Axes
  2851 | D:4      | Reached XP level 7. HP: 61/61 MP: 6/6
  3257 | D:5      | Entered Level 5 of the Dungeon
  3301 | D:5      | Reached skill level 5 in Armour
  3491 | D:5      | Noticed Prince Ribbit
  3504 | D:5      | Killed Prince Ribbit
  3504 | D:5      | Reached **** piety under Trog
  3504 | D:5      | Reached skill level 8 in Axes
  3775 | D:5      | Reached XP level 8. HP: 70/70 MP: 7/7
  4004 | D:5      | Found a runed translucent gate.
  4005 | D:5      | Found a runed translucent gate.
  4005 | D:5      | Found a runed translucent gate.
  4007 | D:5      | Noticed TerrariaFan's ghost (weakling DDDe)
  4025 | D:5      | Killed TerrariaFan's ghost
  4235 | D:6      | Found a shimmering altar of Xom.
  4238 | D:6      | Found a shimmering altar of Xom.
  4241 | D:6      | Found a shimmering altar of Xom.
  4243 | D:6      | Found a shimmering altar of Xom.
  4324 | D:6      | Found a snail-covered altar of Cheibriados.
  4342 | D:6      | Reached skill level 9 in Axes
  6076 | D:7      | Noticed Maggie
  6080 | D:7      | Reached XP level 9. HP: 79/79 MP: 8/8
  6089 | D:7      | Killed Maggie
  6089 | D:7      | Reached skill level 10 in Axes
  6437 | D:8      | Found a runed translucent door.
  6438 | D:8      | Noticed an orange crystal statue
  6439 | D:8      | Found the +10 tower shield of Ignorance {rN+ Int-4}
  6472 | D:8      | Found a runed translucent door.
  6534 | D:8      | Found a shattered altar of Ashenzari.
  6754 | D:8      | Noticed a two-headed ogre
  6761 | D:8      | Killed a two-headed ogre
  6761 | D:8      | Reached skill level 11 in Axes
  6761 | D:8      | Reached skill level 5 in Dodging
  6854 | D:8      | Found a blossoming altar of Fedhas.
  7077 | D:8      | Reached skill level 1 in Stealth
  7153 | D:9      | Reached ***** piety under Trog
  7154 | D:9      | Reached XP level 10. HP: 90/90 MP: 9/9
  7538 | D:9      | Found a radiant altar of Vehumet.
  7564 | D:9      | Found a sacrificial altar of Ru.
  7766 | D:9      | Noticed Grum
  7783 | D:9      | Killed Grum
  8119 | D:10     | Entered Level 10 of the Dungeon
  8237 | D:10     | Noticed Erica
  8246 | D:10     | Killed Erica
  8246 | D:10     | Reached skill level 12 in Axes
  8444 | D:10     | Reached skill level 10 in Armour
  8900 | D:10     | Reached skill level 10 in Fighting
  9159 | D:10     | Reached skill level 13 in Axes
  9195 | D:10     | Noticed Erolcha
  9195 | D:10     | Noticed a two-headed ogre
  9204 | D:10     | Killed Erolcha
  9204 | D:10     | Reached XP level 11. HP: 100/100 MP: 10/10
  9205 | D:10     | Killed a two-headed ogre
  9342 | D:10     | Found a staircase to the Lair.
  9384 | D:10     | Noticed Psyche
  9392 | D:10     | Killed Psyche
  9686 | D:11     | Noticed Josephine
  9704 | D:11     | Killed Josephine
  9864 | D:11     | Reached skill level 14 in Axes
  9904 | D:11     | Found a staircase to the Orcish Mines.
 10159 | D:11     | Reached ****** piety under Trog
 10180 | D:11     | Found a snail-covered altar of Cheibriados.
 10211 | D:11     | Noticed Sonja
 10216 | D:11     | Cast into level 1 of the Abyss (Sonja)
 10240 | Abyss:1  | Found a corrupted altar of Lugonu.
 10355 | Abyss:1  | Found a corrupted altar of Lugonu.
 10359 | Abyss:1  | Noticed a sun demon
 10365 | Abyss:1  | Killed a sun demon
 10490 | Abyss:1  | Noticed a large abomination
 10695 | Abyss:1  | Noticed a starcursed mass
 10710 | Abyss:1  | Noticed a tentacled starspawn
 10726 | Abyss:1  | Killed a tentacled starspawn
 10726 | Abyss:1  | Reached XP level 12. HP: 110/110 MP: 11/11
 10828 | Abyss:1  | Noticed a Hell Sentinel
 10890 | Abyss:1  | Noticed a starcursed mass
 10920 | Abyss:1  | Mangled by a Hell Sentinel

Illustrated notes

Levels and vault maps discovered:
D:1:      dpeg_arrival_tiny_i, layout_basic
D:2:      cheibrodos_greedy_goblins, layout_basic, lemuel_blue_sif_altar
D:3:      layout_loops_ring, yredelemnul_forgotten_temple_becter,
          gammafunk_ghost_arena, nicolae_gozag_seed_capital, uniq_robin
D:4:      layout_rooms, minmay_temple_entry_enclosed_plants, uniq_edmund
D:5:      layout_gridville, gammafunk_ghost_necromancy, hangedman_decor_growths,
          uniq_prince_ribbit1
D:6:      layout_layer_cave, cheibriados_altar_1, xom_redecorated
D:7:      layout_layer_cave, kennysheep_generic_room_11, uniq_maggie
D:8:      layout_gridville, overflow_temple_1_default,
          cheibrodos_ashenzari_chains, chequers_guarded_unrand_ignorance
D:9:      layout_loops_cross, grunt_temple_overflow_open,
          minmay_strange_pillars, bh_circular_ruins, uniq_grum
D:10:     layout_irregular_city, due_lair_maze_entry_diamond, uniq_erica,
          uniq_psyche, uniq_erolcha
D:11:     layout_gridville, david_orc_3, david_defended_altar_elf,
          uniq_josephine, uniq_sonja
Abyss:1:  base: D:6, evilmike_abyss_exit_6, eino_small_chamber_without_monster,
          hangedman_abyss_or_decor_lesser_grid

Skill      XL: |  1  2  3  4  5  6  7  8  9 10 11 |
---------------+----------------------------------+-----
Axes           | 4 5 7 8 9 11 13 14 | 14.6
Fighting       | 4 5 6 7 8 10 11 | 11.4
Armour         | 3 4 5 7 9 10 12 | 12.5
Dodging        | 3 4 5 6 7 |  7.2
Stealth        | 1 2 |  2.0

Action                   |  1- 3 |  4- 6 |  7- 9 | 10-12 || total
-------------------------+-------+-------+-------+-------++-------
Melee: Hand axe          |    35 |   198 |   257 |   370 ||   860
       Headbutt          |     4 |    37 |    43 |    89 ||   173
Invok: Berserk           |       |     1 |     7 |     9 ||    17
       Trog's Hand       |       |       |     1 |     4 ||     5
       Brothers in Arms  |       |       |       |     1 ||     1
  Use: Scroll            |       |       |     9 |     3 ||    12
       Potion            |       |       |       |     7 ||     7
Armor: Ring mail         |    18 |       |       |       ||    18
       Scale mail        |       |    80 |    22 |       ||   102
       Chain mail        |       |       |    58 |    88 ||   146
       Plate armour      |       |       |       |    49 ||    49
Dodge: Dodged            |    21 |    96 |    94 |   163 ||   374
Block: Other             |       |       |    27 |    80 ||   107
       Reflection        |       |       |       |     2 ||     2

Table legend: (Time is in decaauts)
 A = Elapsed time spent in this place.
 B = Non-inter-level travel time spent in this place.
 C = Inter-level travel time spent in this place.
 D = Time resting spent in this place.
 E = Time spent auto-exploring this place.
 F = Levels seen in this place.
 G = Mean time per level.
                   A        B        C        D        E       F      G
               +--------+--------+--------+--------+--------+-----+--------+
         Total |  10904 |  10423 |    481 |    427 |   8162 |  12 |  908.7 |
       Dungeon |  10185 |   9704 |    481 |      0 |   8121 |  11 |  925.9 |
         Abyss |    718 |    718 |      0 |    427 |     41 |   1 |  718.0 |
               +--------+--------+--------+--------+--------+-----+--------+

Top non-repeatable levels by time:
    D:10: 1509 daAuts
     D:3: 1353 daAuts
     D:6: 1289 daAuts
     D:7: 992 daAuts
     D:9: 985 daAuts
     D:5: 884 daAuts
     D:2: 794 daAuts
 Abyss:1: 718 daAuts
     D:8: 693 daAuts
     D:1: 619 daAuts
    D:11: 535 daAuts
     D:4: 527 daAuts
